Map: Nightscape LE

Players

ДиКиЙнУбАсИк - Winner!

  • Race: Zerg Zerg
  • League: Platinum
  • Spawn Location: 7:00

петушара - Winner!

  • Race: Zerg Zerg
  • League: Diamond
  • Spawn Location: 7:00

Massa

  • Race: Terran Terran
  • League: Platinum
  • Spawn Location: 1:00

qqq

  • Race: Protoss Protoss
  • Spawn Location: 1:00

VOD

Have the link to the VOD?

Description

Time

  • Played on: Nov. 1, 2020, 12:11 p.m.
  • Length: 18:02
Show
View Real Time Build Order
Export as new Build Order

ДиКиЙнУбАсИк Zerg - Winner!

Build Orders: Hatch First, Zergling Baneling 

Get SALT Encoding   

  12  0:01  Drone  
  13  0:09  Drone  
  14  0:17  Overlord  
  14  0:37  Drone  
  14  0:38  Drone x2  
  17  1:00  Hatchery  
  16  1:14  Drone x2, Spawning Pool  
  17  1:20  Drone  
  17  1:23  Extractor  
  17  1:25  Extractor, Drone  
  17  1:37  Drone  
  18  1:50  Drone  
  19  2:00  Queen  
  21  2:10  Overlord  
  21  2:14  Queen  
  21  2:15  Drone  
  24  2:18  Drone  
  25  2:23  Drone  
  25  2:29  Metabolic Boost  
  26  2:34  Drone x3  
  29  2:45  Zergling x4  
  31  3:01  Overlord x2  
  31  3:10  Drone x2  
  33  3:23  Overlord  
  33  3:25  Zergling x8  
  33  3:26  Zergling x2  
  38  3:33  Baneling Nest  
  37  3:34  Spore Crawler  
  37  3:38  Spore Crawler  
  37  3:39  Drone x2  
  37  3:40  Drone x2  
  39  3:53  Drone  
  39  3:54  Drone x2  
  42  3:56  Spine Crawler  
  41  4:09  Zergling x2  
  42  4:10  Zergling x14  
  49  4:35  Baneling  
  49  4:36  Baneling x6  
  49  4:38  Baneling  
  49  4:51  Drone x6  
  49  4:52  Drone x5  
  60  4:54  Extractor  
  60  4:55  Extractor  
  60  4:58  Lair  
  48  5:55  Drone x4  
  48  5:56  Drone x2  
  53  5:57  Drone x5  
  54  6:22  Spore Crawler  
  53  6:31  Hatchery, Queen  
  54  6:33  Hatchery  
  53  6:45  Spire  
  52  6:49  Drone x2  
  52  6:50  Spore Crawler  
  53  6:56  Spore Crawler  
  53  6:58  Overlord  
  53  6:59  Overlord x2  
  52  7:18  Zergling x2  
  52  7:19  Zergling x20  
  63  7:28  Drone  
  64  7:33  Evolution Chamber  
  64  7:34  Evolution Chamber  
  64  7:35  Overlord x2  
  64  7:36  Infestation Pit  
  61  7:42  Zergling x2  
  61  7:43  Zergling x4  
  61  7:44  Queen  
  64  7:45  Drone  
  67  8:02  Zerg Melee Weapons Level 1  
  67  8:03  Zerg Ground Armor Level 1  
  67  8:06  Drone x10  
  67  8:07  Drone  
  67  8:12  Spine Crawler  
  75  8:14  Spore Crawler  
  66  8:29  Corruptor  
  66  8:30  Corruptor x11  
  89  8:41  Zergling x12  
  90  8:45  Baneling x2  
  90  8:46  Baneling x3  
  95  8:53  Zergling x2  
  95  8:54  Zergling x4  
  98  9:18  Corruptor x3  
  98  9:19  Corruptor x4  
  98  9:20  Overlord x3  
  112  9:33  Extractor  
  112  9:35  Extractor  
  110  9:50  Spore Crawler  
  110  9:51  Corruptor  
  110  9:52  Corruptor x4  
  119  10:03  Drone  
  119  10:04  Drone x6  
  119  10:05  Overlord x4  
  126  10:21  Zerg Flyer Weapons Level 1  
  126  10:24  Hive  
  100  11:14  Corruptor  
  100  11:15  Corruptor x10  
  100  11:17  Overlord x3  
  100  11:18  Overlord  
  122  11:21  Overlord  
  122  11:22  Drone  
  122  11:23  Drone  
  112  11:43  Zergling x2  
  112  11:44  Zergling x20  
  123  11:53  Zergling x2  
  123  11:54  Zergling x6  
  127  11:55  Adrenal Glands  
  127  12:03  Baneling  
  127  12:04  Baneling x15  
  127  12:05  Baneling x5  
  121  12:46  Zergling x2  
  121  12:47  Zergling x40  
  121  12:48  Zergling x6  
  121  12:50  Zerg Melee Weapons Level 2  
  121  12:51  Zerg Ground Armor Level 2  
  145  13:02  Centrifical Hooks  
  145  13:06  Greater Spire  
  145  13:12  Spire  
  144  13:16  Overseer x2  
  144  13:18  Pneumatized Carapace  
  144  13:33  Hatchery, Baneling x5  
  144  13:34  Baneling x5  
  143  13:35  Baneling  
  143  13:56  Ultralisk Cavern  
  142  14:35  Spine Crawler  
  142  14:37  Spine Crawler, Spore Crawler  
  139  14:38  Spore Crawler  
  138  14:57  Extractor  
  138  14:59  Extractor  
  130  15:02  Zergling x16  
  130  15:03  Zergling x42  
  158  15:08  Queen  
  160  15:24  Chitinous Plating  
  160  15:27  Ultralisk x3  
  178  15:47  Hatchery  
  125  16:58  Zergling x2  
  125  16:59  Zergling x28  
  85  17:24  Zergling x2  
  85  17:25  Zergling x18  
Show
View Real Time Build Order
Export as new Build Order

петушара Zerg - Winner!

Build Orders: Hatch First 

Get SALT Encoding   

  12  0:00  Drone  
  13  0:12  Overlord  
  13  0:17  Drone  
  14  0:31  Drone x2  
  16  0:36  Drone  
  17  0:48  Drone  
  18  0:56  Hatchery  
  17  1:02  Drone, Extractor  
  17  1:15  Spawning Pool  
  17  1:16  Drone  
  18  1:25  Drone  
  18  1:31  Drone  
  19  1:41  Drone  
  20  1:50  Overlord  
  20  2:01  Queen  
  20  2:03  Metabolic Boost  
  20  2:05  Overlord  
  22  2:13  Queen  
  22  2:15  Drone x2  
  25  2:21  Zergling x2  
  27  2:27  Zergling x2  
  28  2:32  Zergling x2  
  28  2:33  Zergling x2  
  30  2:38  Queen  
  30  2:44  Drone x2  
  33  3:01  Drone x2  
  35  3:07  Drone x2  
  37  3:18  Drone x2  
  37  3:19  Drone x2  
  41  3:25  Lair  
  41  3:26  Spore Crawler  
  40  3:28  Spore Crawler  
  39  3:35  Drone x3  
  42  3:48  Drone x2  
  44  3:50  Overlord x3  
  44  3:53  Extractor  
  44  3:54  Extractor  
  42  4:06  Drone x2  
  42  4:08  Overlord x2  
  42  4:09  Drone  
  45  4:18  Baneling Nest  
  45  4:19  Drone x2  
  45  4:20  Evolution Chamber  
  45  4:22  Extractor  
  45  4:23  Evolution Chamber  
  43  4:31  Pneumatized Carapace  
  43  4:33  Drone  
  43  4:34  Drone x4  
  48  4:44  Drone  
  48  4:45  Drone x2, Spire  
  50  4:52  Drone x2  
  52  5:21  Queen x2  
  54  5:40  Zergling x2  
  54  5:41  Zergling x16  
  54  5:56  Drone x2  
  56  6:02  Corruptor  
  56  6:03  Corruptor  
  60  6:10  Hatchery  
  59  6:23  Overlord  
  59  6:24  Overlord  
  59  6:25  Zerg Melee Weapons Level 1, Zerg Flyer Weapons Level 1  
  59  6:26  Centrifical Hooks, Zerg Ground Armor Level 1  
  59  6:29  Drone  
  60  6:36  Corruptor x2  
  60  6:39  Drone x2  
  66  6:50  Drone  
  66  6:51  Drone x4  
  66  6:52  Drone  
  70  7:17  Drone x6  
  76  7:25  Overseer  
  76  7:26  Overseer  
  76  7:34  Corruptor x5  
  86  7:45  Queen  
  86  7:47  Drone  
  86  7:48  Overlord  
  86  7:49  Overlord x2  
  89  8:06  Overlord x3  
  89  8:07  Overlord  
  89  8:09  Drone  
  89  8:10  Spore Crawler  
  89  8:12  Spore Crawler  
  88  8:19  Drone  
  90  8:20  Drone x5  
  90  8:24  Extractor x2  
  81  8:56  Zergling x2  
  81  8:57  Zergling x30  
  91  9:05  Zerg Flyer Weapons Level 2  
  85  9:19  Corruptor  
  85  9:20  Corruptor x8  
  85  9:23  Corruptor  
  105  9:36  Infestation Pit  
  102  9:53  Corruptor x2  
  102  9:54  Corruptor x2  
  102  9:57  Zergling x6  
  102  9:58  Zergling x10  
  118  10:09  Drone x6  
  118  10:10  Drone  
  121  10:37  Hive  
  120  11:00  Zergling x2  
  120  11:01  Zergling x18  
  120  11:03  Overlord x2  
  130  11:07  Hatchery  
  129  11:13  Baneling x3  
  129  11:14  Baneling x12  
  129  11:16  Hatchery  
  88  11:43  Zergling x8  
  88  11:44  Zergling x10  
  94  11:49  Adrenal Glands  
  94  11:50  Zerg Melee Weapons Level 2  
  94  11:51  Zerg Ground Armor Level 2  
  94  11:52  Zerg Flyer Weapons Level 3  
  94  11:53  Zergling x4  
  94  11:54  Zergling x4  
  96  12:02  Baneling x8  
  96  12:03  Baneling x10  
  96  12:04  Zergling x6  
  99  12:14  Zergling x2  
  99  12:15  Zergling x6  
  101  12:16  Baneling  
  101  12:17  Baneling  
  89  12:42  Corruptor  
  89  12:43  Corruptor x8  
  107  12:46  Queen  
  109  12:52  Queen  
  109  12:53  Drone  
  109  12:54  Drone x3  
  115  13:04  Drone x5  
  115  13:05  Drone x2  
  122  13:08  Baneling  
  122  13:09  Baneling x4  
  122  13:16  Queen  
  124  13:28  Extractor  
  124  13:30  Extractor  
  119  13:39  Drone x3  
  119  13:40  Drone  
  119  13:41  Drone x2  
  125  13:42  Drone x7  
  125  13:43  Drone x8  
  125  13:47  Extractor  
  139  13:49  Extractor  
  138  13:59  Hatchery  
  131  14:16  Corruptor x8  
  127  14:20  Zergling x2  
  127  14:21  Zergling x10  
  147  14:27  Drone x2  
  147  14:28  Drone x5  
  147  14:29  Drone  
  155  14:34  Zerg Flyer Armor Level 1  
  155  14:35  Zerg Melee Weapons Level 3  
  155  14:44  Drone x3  
  158  14:46  Overlord  
  158  14:47  Overlord x4  
  158  15:00  Extractor  
  158  15:03  Extractor  
  158  15:04  Baneling x4  
  158  15:05  Baneling x9  
  158  15:06  Zergling x20  
  166  15:16  Ultralisk Cavern  
  166  15:17  Zergling x14  
  166  15:18  Zergling x2  
  173  15:23  Overseer x3  
  173  15:33  Queen  
  173  15:35  Drone x3  
  177  15:36  Drone x4  
  182  16:01  Corruptor  
  182  16:02  Corruptor x9  
  191  16:21  Drone x4  
  191  16:22  Drone, Spore Crawler  
  188  16:37  Ultralisk x2  
  188  17:29  Overlord x5  
  181  17:30  Overlord x3  
Show
View Real Time Build Order
Export as new Build Order

Massa Terran 

Build Orders:  

Get SALT Encoding   

  12  0:00  SCV  
  13  0:12  SCV  
  14  0:22  Supply Depot  
  14  0:24  SCV  
  15  0:34  Refinery  
  15  0:44  SCV  
  15  0:47  Barracks  
  16  0:56  SCV  
  17  1:08  SCV  
  18  1:20  SCV  
  19  1:32  SCV  
  20  1:34  Reaper  
  20  1:38  Command Center  
  21  1:46  Orbital Command  
  21  2:06  Supply Depot  
  21  2:09  Marine  
  21  2:14  Factory  
  22  2:17  SCV  
  23  2:28  Supply Depot  
  23  2:29  Barracks Reactor  
  23  2:33  SCV  
  24  2:45  SCV  
  25  3:05  Bunker  
  25  3:06  Marine x2  
  25  3:07  Hellion  
  25  3:10  Barracks  
  29  3:13  Orbital Command  
  29  3:24  Marine  
  29  3:25  Marine  
  31  3:29  Hellion  
  31  3:31  SCV  
  34  3:37  Engineering Bay  
  34  3:39  Starport  
  34  3:41  Marine  
  34  3:43  SCV  
  36  3:59  Hellion  
  36  4:01  Barracks Tech Lab  
  36  4:02  SCV  
  39  4:04  SCV  
  39  4:06  Command Center  
  40  4:14  SCV  
  40  4:15  Refinery  
  40  4:17  SCV, Medivac  
  42  4:19  Marine  
  42  4:20  Marine  
  46  4:26  Hellion  
  46  4:29  Stimpack  
  46  4:31  SCV  
  49  4:33  SCV  
  49  4:37  Marine  
  51  4:43  SCV  
  51  4:45  SCV  
  52  5:00  Factory Tech Lab  
  52  5:04  Terran Infantry Weapons Level 1  
  52  5:07  Marauder  
  52  5:13  Marine x2  
  52  5:15  Supply Depot x3  
  52  5:18  Supply Depot  
  52  5:21  Widow Mine  
  42  5:29  Marauder  
  42  5:31  Marine x2  
  40  5:49  Marine  
  35  5:50  Marine  
  35  5:51  Marauder  
  36  6:01  Bunker, Supply Depot  
  36  6:06  Marine  
  36  6:08  Marine  
  38  6:12  Marauder  
  40  6:21  Command Center  
  40  6:24  Marine  
  41  6:26  Marine  
  41  6:30  Siege Tank  
  45  6:33  Marauder  
  47  6:42  Marine  
  47  6:43  SCV x2  
  47  6:44  Marine  
  51  6:53  Combat Shield  
  51  6:55  SCV x2, Marauder  
  55  7:04  Orbital Command  
  55  7:07  SCV  
  56  7:13  SCV  
  57  7:16  Siege Tank  
  57  7:19  SCV  
  61  7:25  Barracks  
  61  7:26  SCV  
  61  7:27  Terran Infantry Armor Level 1, Barracks  
  62  7:31  SCV  
  62  7:33  SCV  
  62  7:36  Orbital Command  
  64  7:38  SCV  
  64  7:43  SCV  
  66  7:45  SCV  
  66  7:50  SCV  
  68  7:54  Missile Turret  
  68  7:55  SCV  
  68  7:57  Refinery, SCV  
  70  8:00  Refinery  
  70  8:01  Missile Turret  
  70  8:02  SCV  
  70  8:05  Marauder  
  73  8:07  SCV, Marine  
  73  8:09  SCV  
  73  8:11  Concussive Shells  
  73  8:12  Medivac  
  78  8:14  Barracks Reactor, SCV  
  78  8:15  Barracks Reactor, Missile Turret  
  78  8:17  Marine  
  78  8:19  SCV  
  81  8:21  SCV x2, Missile Turret  
  81  8:25  Marine  
  81  8:26  SCV  
  81  8:27  Marauder  
  87  8:32  Refinery, SCV  
  87  8:33  SCV x2  
  90  8:35  Marine, Missile Turret  
  90  8:36  Refinery  
  90  8:38  SCV  
  90  8:39  Sensor Tower  
  92  8:42  Missile Turret  
  92  8:44  Sensor Tower  
  92  9:09  SCV x4  
  96  9:17  Marauder  
  96  9:18  Marine x6  
  96  9:21  SCV x3  
  96  9:23  Medivac  
  110  9:30  Armory  
  110  9:33  SCV x3  
  110  9:36  Marine x4  
  116  9:46  Supply Depot  
  116  9:47  Supply Depot  
  116  9:52  Orbital Command  
  116  10:07  SCV x2, Marine x2, Medivac  
  116  10:08  SCV, Marauder, Marine, Siege Tank  
  116  10:10  Supply Depot  
  116  10:12  Supply Depot  
  129  10:19  SCV x2  
  129  10:20  SCV  
  132  10:31  SCV, Marine x5  
  132  10:32  Marauder  
  132  10:33  SCV x3, Marine  
  132  10:34  Refinery, Supply Depot  
  144  10:35  Supply Depot  
  144  10:37  Refinery  
  144  10:38  Supply Depot  
  144  10:39  Supply Depot x2  
  144  10:44  SCV  
  144  10:45  SCV x3  
  148  10:56  Marauder, Marine x4  
  154  10:59  Supply Depot  
  154  11:02  Supply Depot x2  
  154  11:03  Supply Depot  
  154  11:18  Marauder  
  156  11:26  Supply Depot  
  142  11:39  Marauder  
  129  11:51  Medivac  
  129  11:53  Siege Tank  
  134  11:54  Marine  
  134  11:55  Marine x5  
  134  12:00  Marauder  
  142  12:12  Marine x5  
  142  12:13  SCV x3, Marine  
  151  12:18  Command Center  
  151  12:21  Medivac  
  151  12:22  Barracks, Marauder  
  155  12:25  Barracks, Siege Tank  
  158  12:30  Marine x6  
  119  12:43  Marauder  
  117  12:47  Marine  
  117  12:48  Marine x5  
  125  12:53  Starport Reactor, Terran Infantry Weapons Level 2  
  123  12:58  Engineering Bay  
  123  13:00  Armory  
  123  13:04  Marauder  
  125  13:11  Marine  
  125  13:12  Marine x4, Missile Turret x2  
  130  13:14  Barracks Reactor, Barracks Tech Lab  
  130  13:15  Marine  
  130  13:19  Siege Tank  
  134  13:26  Marauder  
  136  13:29  Marine x4  
  136  13:33  Missile Turret x2  
  140  13:47  Marauder  
  143  13:48  SCV  
  143  13:49  SCV x3  
  143  13:51  Missile Turret, Siege Tank  
  149  14:00  SCV  
  149  14:01  SCV x3, Command Center  
  153  14:04  Command Center  
  153  14:05  Terran Infantry Armor Level 2  
  153  14:06  Terran Vehicle And Ship Armor Level 1, Terran Vehicle Weapons Level 1  
  153  14:07  Medivac  
  153  14:08  Medivac  
  153  14:09  Marauder  
  159  14:11  Marauder  
  159  14:12  SCV, Marine x8  
  159  14:13  SCV x3  
  173  14:22  Planetary Fortress  
  173  14:23  Siege Tank  
  176  14:24  SCV  
  176  14:25  SCV x2  
  176  14:26  Missile Turret x2  
  176  14:29  Marine  
  176  14:30  Marauder, Marine x7  
  189  14:32  Marauder  
  189  14:37  Medivac  
  189  14:38  Medivac  
  195  14:46  Missile Turret  
  195  14:47  Marine  
  195  14:48  Marine x4, Missile Turret  
  200  15:09  Missile Turret  
  200  15:20  Refinery  
  200  15:25  Refinery  
  200  16:01  Terran Ship Weapons Level 1  
  142  16:45  Marauder  
  142  16:46  Marine x2  
  142  16:47  Marine x2  
  105  16:50  Siege Tank  
  105  16:52  Liberator x2  
  97  16:59  Planetary Fortress  
  91  17:04  Marine x4  
  97  17:10  Barracks  
  97  17:11  Barracks  
  97  17:12  Barracks  
  97  17:14  Barracks  
  96  17:22  Marine x2, Siege Tank  
Show
View Real Time Build Order
Export as new Build Order

qqq Protoss 

Build Orders: 1 Gate Expand, Phoenix Opening, Carriers 

Get SALT Encoding   

  12  0:00  Probe  
  13  0:20  Pylon  
  13  0:22  Probe  
  14  0:34  Probe  
  15  0:40  Gateway  
  15  0:46  Probe  
  16  0:58  Probe  
  16  1:00  Pylon  
  16  1:02  Assimilator  
  17  1:10  Probe  
  18  1:22  Probe  
  19  1:34  Probe  
  20  1:40  Nexus  
  20  1:49  Cybernetics Core  
  20  1:50  Probe  
  20  1:53  Assimilator  
  21  2:02  Probe  
  22  2:10  Zealot  
  22  2:14  Probe  
  25  2:26  Probe (Chrono Boost), Stargate  
  27  2:37  Probe (Chrono Boost)  
  27  2:42  Probe (Chrono Boost)  
  28  2:46  Forge  
  28  2:54  Probe (Chrono Boost)  
  28  2:58  Stargate  
  29  2:59  Probe (Chrono Boost)  
  31  3:08  Stalker  
  31  3:10  Probe (Chrono Boost)  
  33  3:23  Probe  
  33  3:24  Phoenix  
  36  3:32  Probe  
  37  3:35  Probe, Assimilator  
  37  3:38  Stalker  
  37  3:39  Assimilator  
  40  3:45  Pylon  
  40  3:50  Probe x2  
  42  4:02  Probe x2  
  44  4:07  Phoenix  
  46  4:14  Probe x2, Phoenix  
  50  4:26  Probe  
  50  4:27  Probe  
  52  4:32  Phoenix, Pylon  
  54  4:42  Pylon  
  54  4:50  Probe, Phoenix  
  57  4:57  Phoenix  
  59  5:01  Fleet Beacon  
  59  5:18  Void Ray (Chrono Boost)  
  61  5:35  Stalker  
  63  5:45  Void Ray (Chrono Boost)  
  62  5:57  Probe x2, Carrier (Chrono Boost)  
  70  6:29  Pylon  
  70  6:36  Pylon  
  70  6:41  Pylon  
  70  6:47  Probe x2, Carrier  
  78  6:59  Probe x2  
  80  7:07  Pylon  
  80  7:09  Pylon  
  80  7:11  Probe x2, Pylon  
  80  7:13  Anion Pulse-Crystals  
  82  7:20  Void Ray  
  84  7:23  Probe  
  87  7:36  Probe  
  88  7:37  Photon Cannon  
  88  7:40  Photon Cannon  
  88  7:43  Nexus  
  88  7:45  Void Ray  
  88  7:49  Photon Cannon  
  88  7:51  Shield Battery  
  88  7:55  Photon Cannon  
  88  7:57  Void Ray  
  96  8:17  Flux Vanes  
  96  8:29  Carrier  
  96  8:34  Photon Cannon  
  102  8:44  Photon Cannon  
  102  8:48  Shield Battery  
  102  8:50  Photon Cannon  
  102  9:12  Carrier  
  102  9:16  Probe  
  109  9:27  Void Ray  
  109  9:28  Probe  
  110  9:31  Nexus  
  110  9:33  Pylon  
  110  9:35  Pylon  
  114  9:40  Probe  
  115  9:49  Robotics Facility  
  115  9:52  Probe (Chrono Boost)  
  114  10:01  Stargate  
  114  10:02  Pylon  
  114  10:04  Probe (Chrono Boost), Pylon  
  114  10:05  Pylon  
  115  10:09  Tempest  
  115  10:10  Void Ray  
  115  10:12  Photon Cannon  
  115  10:13  Probe (Chrono Boost)  
  121  10:14  Shield Battery  
  121  10:18  Probe  
  126  10:30  Probe  
  127  10:35  Photon Cannon  
  126  10:47  Void Ray  
  86  11:05  Void Ray  
  78  11:17  Observer  
  77  11:24  Void Ray  
  73  11:29  Stargate  
  73  11:30  Protoss Air Weapons Level 1 (Chrono Boost)  
  75  11:41  Void Ray  
  75  11:42  Void Ray  
  83  11:55  Assimilator  
  83  11:59  Assimilator  
  83  12:01  Void Ray  
  87  12:09  Nexus  
  87  12:11  Pylon  
  87  12:14  Pylon  
  87  12:17  Pylon  
  87  12:18  Void Ray  
  87  12:19  Pylon  
  87  12:22  Pylon  
  87  12:24  Pylon  
  87  12:25  Carrier  
  85  12:38  Void Ray  
  76  12:46  Photon Cannon x2  
  79  12:53  Photon Cannon  
  79  12:56  Shield Battery  
  79  12:57  Void Ray x2  
  79  12:58  Photon Cannon  
  75  13:00  Photon Cannon  
  75  13:02  Photon Cannon  
  75  13:05  Photon Cannon  
  79  13:08  Photon Cannon  
  79  13:09  Probe  
  79  13:10  Shield Battery  
  80  13:13  Photon Cannon  
  80  13:15  Void Ray, Pylon  
  80  13:21  Probe  
  85  13:31  Protoss Air Armor Level 1 (Chrono Boost)  
  85  13:33  Probe  
  86  13:44  Probe  
  86  13:45  Probe  
  88  13:56  Photon Cannon  
  88  13:57  Probe x2  
  88  14:02  Nexus  
  90  14:03  Pylon  
  90  14:04  Pylon  
  90  14:09  Probe  
  91  14:18  Void Ray x2  
  91  14:20  Nexus  
  91  14:21  Probe  
  100  14:28  Photon Cannon  
  100  14:33  Photon Cannon  
  100  14:38  Photon Cannon  
  100  14:39  Photon Cannon  
  100  14:41  Photon Cannon, Void Ray  
  100  14:43  Photon Cannon x2  
  100  14:46  Photon Cannon  
  104  14:58  Observer, Void Ray  
  104  14:59  Void Ray  
  105  15:00  Void Ray  
  117  15:24  Void Ray  
  117  15:33  Protoss Air Weapons Level 2  
  121  15:41  Carrier  
  117  16:11  Void Ray x2  
  117  16:12  Void Ray  
  129  16:30  Stargate  
  129  16:32  Stargate  
  129  16:34  Pylon  
  129  16:37  Pylon  
  129  16:45  Carrier  
  127  16:49  Void Ray  
  126  16:54  Carrier  
  126  16:55  Carrier  
Tags
 
Add a new tag
Caveats
  • Supply blocks, unpowered buildings, or Contaminate may cause inaccurate times.
  • Supply counts are checked every 10 seconds.